 Dungeon Crawl Stone Soup version 0.27.1 (webtiles) character file.

Game seed: 10763301647333515439

1120 Atelerd the Digger (level 8, -2/46 HPs)
             Began as an Octopode Earth Elementalist on Sept 2, 2021.
             Succumbed to a water moccasin's poison
             ... on level 4 of the Dungeon.
             The game lasted 00:11:25 (7716 turns).

Atelerd the Digger (Octopode Earth Elementalist)    Turns: 7716, Time: 00:11:26

Health: -2/46      AC:  1    Str:  7    XL:     8   Next: 34%
Magic:  3/14       EV: 13    Int: 19    God:
Gold:   64         SH:  5    Dex: 13    Spells: 7/15 levels left

rFire    . . .     SeeInvis .   f - +1 short sword (speed)
rCold    . . .     Faith    .   i - +0 buckler
rNeg     . . .     Spirit   .   (helmet restricted)
rPois    .         Reflect  .   (no amulet)
rElec    .         Harm     .   (no ring)
rCorr    .         Rampage  .   (no ring)
Will     .....                  (no ring)
Stlth    ++++......             (no ring)
HPRegen  0.15/turn              (no ring)
MPRegen  0.14/turn              (no ring)
                                (no ring)
                                (no ring)

@: lethally poisoned (-2 -> -14)
A: almost no armour, amphibious, 8 rings, camouflage 1, gelatinous body 1,
(nimble swimmer 1), tentacles
a: no special abilities


You were on level 4 of the Dungeon.
You visited 1 branch of the dungeon, and saw 5 of its levels.

You collected 157 gold pieces.
You spent 93 gold pieces at shops.

Inventory:

Hand Weapons
 c - a +0 short sword
 f - a +1 short sword of speed (weapon)
Missiles
 b - a throwing net
Armour
 i - a +0 buckler (worn)
Scrolls
 d - a scroll of fear {unknown}
 e - 4 scrolls of identify
 g - a scroll of amnesia {unknown}
 j - a scroll of noise {unknown}
 k - a scroll of silence {unknown}
 l - 2 scrolls of brand weapon {unknown}
 m - a scroll of blinking {unknown}
Potions
 a - 2 potions of resistance


   Skills:
 - Level 2.0 Dodging
 - Level 5.0 Stealth
 - Level 4.0 Shields
 - Level 4.0 Spellcasting
 + Level 4.9 Transmutations
 + Level 5.8 Earth Magic


You had 7 spell levels left.
You knew the following spells:

 Your Spells              Type           Power      Damage    Failure   Level
a - Sandblast             Erth           52%        2d12      1%          1
p - Petrify               Tmut/Erth      24%        N/A       14%         4
s - Stone Arrow           Conj/Erth      28%        3d8       12%         3

Your spell library contained the following spells:

 Spells                   Type           Power      Damage    Failure   Level
 Passwall                 Tmut/Erth      20%        N/A       2%          2
 Freeze                   Ice            12%        1d4       14%         1
 Slow                     Hex            3%         N/A       21%         2
 Confusing Touch          Hex            3%         N/A       38%         3
 Frozen Ramparts          Ice            6%         1d2       38%         3
 Hailstorm                Conj/Ice       3%         3d3       80%         4
 Yara's Violent Unravell  Hex/Tmut       6%         3d5       80%         5


Dungeon Overview and Level Annotations

Branches:
Dungeon (5/15)
 Temple: D:4-7

Altars:
Uskayaw

Shops:
D:3 *=

Annotations:
D:3 exclusion: 2 downstairs


Innate Abilities, Weirdness & Mutations

You cannot wear most types of armour.
You are amphibious.
You can wear up to eight rings at the same time.
Your skin changes colour to match your surroundings (Stealth+).
Your rubbery body absorbs attacks. (AC +1, EV +1)
((You are camouflaged near water. (Stealth+)))
You have tentacles for arms and can constrict up to eight enemies at once.


Message History

The water moccasin resists with significant effort.
You feel sick. The water moccasin bites you!
The water moccasin barely misses you.
Unknown command.
You feel sick.
You feel sick.
The water moccasin bites you but does no damage.
Okay, then.
You feel sick. The water moccasin barely misses you.
You feel sick.
You feel sick. You block the water moccasin's attack.
You feel sick.
You are no longer poisoned.
There is a stone staircase leading up here.
The water moccasin barely misses you.
You climb upwards.
There is a stone staircase leading down here.
Unknown command.
You hit the water moccasin. Your grab misses the water moccasin.
Your squeeze misses the water moccasin.
The water moccasin is lightly wounded.
The water moccasin misses you.
You hit the water moccasin. You grab the water moccasin.
The water moccasin is lightly wounded.
You constrict the water moccasin, but do no damage.
You block the water moccasin's attack.
You hit the water moccasin.
The water moccasin is moderately wounded.
You constrict the water moccasin. The water moccasin bites you!
* * * LOW HITPOINT WARNING * * *
You are lethally poisoned!
The water moccasin poisons you!
Unknown command.
Okay, then.
Okay, then.
Okay, then.
You hit the water moccasin.
The water moccasin is heavily wounded.
You constrict the water moccasin.
You die...

#.# #.# #.# #.####
##....#####
#.........######
##.###..........#####
#..# #.......S......#
#.####.......@......#
##.#
#.....<.........##
#..#
#................#
###.##
#................#
.#..#
##...............#
...##
##..............#
#..##
##............##
#...# ##...........#
#...## ##.........##


You could see a water moccasin.

Vanquished Creatures
  Grinder (D:3)
  A black bear (D:4)
  2 ogres
  A centaur (D:4)
  A phantom (D:3)
  2 howler monkeys
  A hound (D:4)
  A centaur skeleton (D:4)
  A gnoll shaman (D:3)
  2 orc priests (D:4)
  2 iguanas (D:4)
  Natasha (thrice) (D:2)
  An orc wizard (D:4)
  5 gnolls (D:4)
  An adder (D:4)
  A dart slug (D:1)
  11 orcs
  3 bats (D:1)
  10 endoplasms
  4 giant cockroaches
  5 goblins
  7 hobgoblins
  7 jackals
  A quokka (D:1)
  9 ball pythons
  A frilled lizard (D:2)
  5 kobolds
  7 rats
96 creatures vanquished.

Vanquished Creatures (others)
  3 plants (D:3)
  4 toadstools (D:1)
7 creatures vanquished.

Grand Total: 103 creatures vanquished

Notes
Turn   | Place    | Note
-------+----------+-------------------------------------------
     0 | D:1      | Atelerd the Octopode Earth Elementalist began the quest for
                  | the Orb.
     0 | D:1      | Reached XP level 1. HP: 11/11 MP: 3/3
   172 | D:1      | Reached XP level 2. HP: 17/17 MP: 3/5
   598 | D:1      | Reached XP level 3. HP: 3/21 MP: 3/6
   896 | D:1      | Found a faded altar of an unknown god.
   897 | D:1      | Noticed a shining eye
   898 | D:1      | Noticed a great orb of eyes
   904 | D:1      | Noticed an eye of devastation
   918 | D:1      | Noticed a shining eye
  1460 | D:2      | Noticed Natasha
  1466 | D:2      | Killed Natasha
  1467 | D:2      | Reached XP level 4. HP: 13/27 MP: 3/7
  1856 | D:2      | Reached skill level 1 in Shields
  2583 | D:2      | Noticed Natasha
  2590 | D:2      | Killed Natasha
  2683 | D:2      | Noticed Natasha
  2687 | D:2      | Killed Natasha
  2688 | D:2      | Reached XP level 5. HP: 23/31 MP: 7/9
  2952 | D:3      | Noticed a phantom
  2959 | D:3      | Killed a phantom
  3107 | D:3      | Found Ozorupn's Jewellery Emporium.
  3167 | D:3      | Noticed Grinder
  3175 | D:3      | Learned a level 4 spell: Petrify
  3273 | D:3      | Killed Grinder
  3274 | D:3      | Reached XP level 6. HP: 36/36 MP: 0/11
  3565 | D:3      | Found Vyel's Assorted Antiques.
  3573 | D:3      | Bought a scroll labelled JAMPOA LEUTEN for 24 gold pieces
  3573 | D:3      | Bought a viscous grey potion for 21 gold pieces
  3573 | D:3      | Bought a scroll of identify for 48 gold pieces
  3727 | D:4      | Reached XP level 7. HP: 39/41 MP: 5/12
  4735 | D:3      | Learned a level 3 spell: Stone Arrow
  5473 | D:4      | Found a hide-covered altar of Uskayaw.
  5699 | D:4      | Reached skill level 5 in Earth Magic
  6407 | D:4      | Reached XP level 8. HP: 46/46 MP: 1/14
  6561 | D:4      | Reached skill level 5 in Stealth
  7633 | D:5      | Entered Level 5 of the Dungeon
  7715 | D:4      | HP: 1/46 [water moccasin (7)]
  7716 | D:4      | Succumbed to a water moccasin's poison

Illustrated notes

Levels and vault maps discovered:
D:1:      ldierk_water_garden, layout_basic,
          hellmonk_ecumenical_altar_watching_god, minmay_close_crescents
D:2:      layout_basic, uniq_natasha
D:3:      layout_basic, serial_shops, nicolae_shop_overgrown_old_shop,
          nicolae_shop_crystal, due_unseen_surprise, uniq_grinder
D:4:      minmay_door_path, layout_cave_pods, general_overflow_altar,
          kennysheep_generic_room_3
D:5:      layout_cave_pools, minmay_temple_entry_glass, uniq_crazy_yiuf_cottage

Skill      XL: |  1  2  3  4  5  6  7  8 |
---------------+-------------------------+-----
Transmutations | 2 3 4 |  4.9
Shields        | 1 3 4 |  4.0
Spellcasting   | 3 4 |  4.0
Earth Magic    | 4 5 |  5.8
Stealth        | 4 5 |  5.0
Dodging        | |  2.0

Action                   |  1- 3 |  4- 6 |  7- 9 || total
-------------------------+-------+-------+-------++-------
Melee: Unarmed           |    15 |       |       ||    15
       Tentacles         |     7 |    11 |    12 ||    30
       Constrict         |     4 |    12 |    17 ||    33
       Short sword       |    11 |    61 |   118 ||   190
 Cast: Sandblast         |    31 |    29 |     4 ||    64
       Petrify           |       |     3 |    10 ||    13
       Stone Arrow       |       |       |    31 ||    31
  Use: Scroll            |       |     3 |       ||     3
       Potion            |       |     1 |     3 ||     4
 Stab: Sleeping          |     3 |     3 |     5 ||    11
       Petrified         |       |    21 |     6 ||    27
       Petrifying        |       |       |     1 ||     1
Armor: Skin              |     2 |     1 |    21 ||    24
Dodge: Dodged            |    26 |    27 |    58 ||   111
Block: Buckler           |       |       |    22 ||    22
